 Dungeon Crawl Stone Soup version 0.17-a0-488-g0a147b9 (webtiles) character file.

86415 Radiman the Severer (level 15, -3/135 HPs)
             Began as a Minotaur Berserker on Apr 8, 2015.
             Was the Champion of Trog.
             Slain by an orc warrior
             ... wielding a +2 glaive of chopping
              (4 damage)
             ... on level 14 of the Dungeon on Apr 9, 2015.
             The game lasted 02:36:15 (32542 turns).

Radiman the Severer (Minotaur Berserker)           Turns: 32542, Time: 02:36:21

Health: -3/135     AC: 24    Str: 23    XL:     15   Next: 40%
Magic:  19/19      EV: 17    Int:  6    God:    Trog [******]
Gold:   3732       SH:  0    Dex: 15    Spells: 0 memorised, 14 levels left

rFire  . . .     SeeInvis +     J - +10 battleaxe of the Wolf {vamp, rN+ Int+2}
rCold  . . .     Clarity  .     O - +5 ring mail of Crawling {rElec}
rNeg   + . .     SustAb   .     (no shield)
rPois  .         Gourm    +     (helmet restricted)
rElec  +         Spirit   .     q - +1 cloak
rCorr  .         Warding  .     T - +0 pair of gloves
rMut   .         Stasis   .     V - +2 pair of boots
MR     +....                    Y - amulet of the gourmand
Stlth  +.........               C - +4 ring of protection
                                u - ring of see invisible

@: somewhat resistant to hostile enchantments, very unstealthy
A: retaliatory headbutt, horns 2, deterioration 1
a: Burn Spellbooks, Berserk, Trog's Hand, Brothers in Arms, Renounce Religion


You were on level 14 of the Dungeon.
You worshipped Trog.
Trog was exalted by your worship.
You were completely stuffed.

You visited 3 branches of the dungeon, and saw 26 of its levels.
You also visited: Bailey.

You collected 3807 gold pieces.
You spent 75 gold pieces at shops.

Inventory:

Hand weapons
 k - a +2 antimagic battleaxe
 J - the +10 battleaxe of the Wolf (weapon) {vamp, rN+ Int+2}
   (Trog gifted it to you on level 11 of the Dungeon)

   It inflicts no extra harm, but heals its wielder somewhat when it strikes a
   living foe.
   It affects your intelligence (+2).
   It protects you from negative energy.
 M - a +1 executioner's axe of draining
 P - a +1 blowgun
Missiles
 e - 4 curare-tipped needles
 G - 76 poisoned needles
Armour
 o - a +0 chain mail of poison resistance
 q - a +1 cloak (worn)
 O - the +5 ring mail of Crawling (worn) {rElec}
   (You found it in a bailey)

   It insulates you from electricity.
 S - a +2 ring mail of fire resistance
 T - a +0 pair of gloves (worn)
 V - a +2 pair of boots (worn)
Jewellery
 j - an uncursed amulet of faith {unknown}
 l - an uncursed ring of fire
 u - a ring of see invisible (left hand)
 z - an uncursed ring of invisibility
 B - an uncursed ring of ice
 C - a +4 ring of protection (right hand)
 H - an uncursed amulet of resist mutation
 Y - an amulet of the gourmand (around neck)
Magical devices
 y - a wand of heal wounds (7)
 D - a wand of fireball (10)
 N - a wand of random effects (37)
 U - a wand of teleportation (8)
Scrolls
 b - 16 scrolls of teleportation
 i - 4 scrolls of fog
 m - 4 scrolls of immolation
 r - 3 scrolls of fear
 s - 2 scrolls of enchant armour
 t - a scroll of magic mapping
 A - 4 scrolls of blinking
 W - a scroll of recharging
Potions
 d - 3 potions of agility
 g - 5 potions of restore abilities
 n - a potion of ambrosia
 x - 4 potions of haste
 E - 3 potions of resistance
 F - 2 potions of might
 K - 2 potions of cure mutation {unknown}
 L - 2 potions of heal wounds
 R - 3 potions of curing
 X - a potion of flight
 Z - a potion of berserk rage {unknown}
Miscellaneous
 p - a phial of floods
 I - a sack of spiders
Comestibles
 a - 13 royal jellies
 c - 11 bread rations
 f - 13 meat rations
 h - 10 slices of pizza
 v - 3 beef jerkies
 w - a chunk of flesh
 Q - 6 fruits


   Skills:
 + Level 13.1 Fighting
 * Level 18.3(18.9) Axes
   Level 8.8(15.9) Maces & Flails
   Level 11.1(12.2) Staves
 + Level 13.6 Armour
 + Level 10.1 Dodging
 - Level 6.7 Evocations


You had 14 spell levels left.
You didn't know any spells.

Dungeon Overview and Level Annotations

Branches:
Dungeon (14/15)            Temple (0/1) D:5            Lair (8/8) D:8
 Shoals (0/5) Lair:3        Snake (0/5) Lair:6        Slime (0/6) Lair:7
    Orc (4/4) D:9             Elf (0/3) Orc:4        Vaults (0/5) D:14

Altars:
Elyvilon
Fedhas
Kikubaaqudgha
Makhleb
Okawaru
Qazlal
Ru
Trog
Xom
Yredelemnul
Zin
The Shining One
Beogh
Jiyva

Shops:
Orc:4 *(([


Innate Abilities, Weirdness & Mutations

You reflexively headbutt those who attack you in melee.
You have a pair of horns on your head.
Your body is slowly deteriorating.


Message History

* * * LOW HITPOINT WARNING * * *
Zapping:
y - a wand of heal wounds (8)
Press: ? - help, Shift-Dir - straight line, f - you You feel much better.
This wand has 7 charges left.
The centaur warrior hits you but does no damage.
The orc warrior misses you.
The centaur warrior shoots an arrow.
The arrow hits you!
* * * LOW HITPOINT WARNING * * *
The centaur warrior hits you but does no damage.
You hit the centaur warrior.
You feel better.
You headbutt the centaur warrior, but do no damage.
The centaur warrior is severely wounded.
The centaur warrior hits you but does no damage.
You slice the centaur warrior!!
You kill the centaur warrior!
Trog accepts your kill.
The centaur warrior shoots an arrow.
The arrow hits you but does no damage.
The orc warrior hits you from afar with a glaive of chopping!!
* * * LOW HITPOINT WARNING * * *
You die...

##..........###..........#
#...≈≈≈≈...##.##...≈≈≈≈..# #
##...≈≈≈...##...##...≈≈≈..#
###....≈≈...##.._..##...≈≈..#
.......≈...##.......##...≈..#
..........###.......###.....#
..........# +...o...+ #.....#
.........## #.c))...# ##....#
.........######.@)# #....#
.#.†....##((.(#.((# ##...#
†#..#...##((.(##'## #...#
[..##..#####'##8(8##+## ##..#
...##..#))#...........# #..#
...##..#))#.##.....##.# #..#
...##..#..'.###...###.+ #..#
...##..#))#..##...##..# #..#
...##..#))#...........# #..#


You could see a centaur warrior and an orc warrior (frenzied).

Vanquished Creatures
  A stone giant (D:12)
  Harold (Lair:1)
  6 hydras
  3 catoblepae
  5 centaur warriors
  2 dancing weapons (D:14)
  2 tengu warriors (D:14)
  3 orc high priests (Orc:4)
  8 death yaks (Lair:7)
  Sonja (Lair:2)
  2 unseen horrors
  5 hill giants
  6 orc knights
  2 griffons (Lair:8)
  6 orc sorcerers (Orc:4)
  3 cyclopes
  2 manticores (Lair:8)
  9 black mambas
  Maurice (D:11)
  Psyche (D:10)
  2 gargoyles
  15 spiny frogs
  A spiny frog (shapeshifter) (D:12)
  A tengu conjurer (D:14)
  3 fire drakes
  11 komodo dragons
  4 trolls
  A deep elf priest (Orc:4)
  8 polar bears (Lair:8)
  5 blink frogs (Lair:8)
  A raiju (Lair:8)
  3 two-headed ogres
  5 ravens (D:14)
  8 slime creatures
  A boulder beetle (Lair:7)
  6 basilisks
  A deep elf mage (D:13)
  2 wraiths (D:13)
  16 hippogriffs
  2 hungry ghosts (D:12)
  A human (D:7)
  4 water elementals (D:11)
  35 yaks
  3 deep elf fighters (D:14)
  A mottled dragon (D:12)
  9 wargs
  2 hogs (D:7)
  7 vampire mosquitoes
  5 hell hounds (Lair:8)
  13 wolves
  37 orc warriors
  A soldier ant (D:12)
  6 porcupines
  10 water moccasins
  2 ice beasts
  14 black bears
  5 sky beasts
  2 wasps
  13 ogres
  14 crocodiles
  3 phantoms
  11 centaurs
  18 giant frogs
  3 big kobolds
  A brain worm (D:12)
  Blork the orc (D:5)
  A scorpion (D:13)
  8 wights
  A water moccasin skeleton (D:5)
  10 killer bees
  2 yak skeletons (Orc:4)
  9 crimson imps
  2 electric eels (Lair:4)
  5 jellies
  2 goliath beetles
  A giant frog skeleton (D:5)
  4 centaur zombies
  26 orc wizards
  24 hounds
  A quasit (D:6)
  19 orc priests
  Ijyb (D:2)
  19 iguanas
  7 centaur skeletons
  4 giant frog zombies
  15 worker ants
  A killer bee zombie (D:10)
  19 sheep
  2 hound zombies
  A hound skeleton (D:6)
  2 worker ant zombies
  16 gnolls
  32 adders
  4 shadow imps
  63 river rats
  A worm (D:2)
  2 ufetubi (Orc:4)
  2 adder skeletons
  9 giant geckos
  An ooze (D:4)
  160 orcs
  2 ball pythons
  15 bats
  2 bat skeletons
  2 bat zombies (D:5)
  34 goblins
  20 hobgoblins
  18 jackals
  49 kobolds
  13 quokkas
  9 giant cockroaches
  2 giant gecko zombies
  5 giant newts
  An orc zombie (Orc:4)
  A quokka skeleton (D:4)
  13 rats
  10 rat skeletons (Orc:4)
  3 fungi
  16 plants
1077 creatures vanquished.

Vanquished Creatures (others)
  Erolcha (D:8)
  A rat skeleton (Orc:4)
  8 plants
10 creatures vanquished.

Grand Total: 1087 creatures vanquished

Notes
Turn   | Place    | Note
--------------------------------------------------------------
     0 | D:1      | Radiman, the Minotaur Berserker, began the quest for the Orb.
     0 | D:1      | Reached XP level 1. HP: 19/19 MP: 0/0
    23 | D:1      | Reached skill level 4 in Maces & Flails
   122 | D:1      | Reached XP level 2. HP: 26/26 MP: 1/1
   621 | D:1      | Acquired Trog's second power
   654 | D:1      | Reached skill level 5 in Maces & Flails
   817 | D:2      | Reached XP level 3. HP: 27/31 MP: 2/2
   963 | D:2      | Noticed Ijyb
   978 | D:2      | Killed Ijyb
   978 | D:2      | Reached skill level 6 in Maces & Flails
   978 | D:2      | Reached XP level 4. HP: 30/39 MP: 3/3
  1363 | D:2      | Reached skill level 7 in Maces & Flails
  1363 | D:2      | Reached XP level 5. HP: 45/45 MP: 4/4
  1898 | D:2      | Found a glowing golden altar of the Shining One.
  2681 | D:3      | Found a stormy altar of Qazlal.
  2796 | D:4      | Reached skill level 8 in Maces & Flails
  2801 | D:4      | Reached XP level 6. HP: 39/51 MP: 5/5
  2927 | D:4      | Acquired Trog's third power
  3079 | D:4      | Got a brightly glowing hand axe
  3080 | D:4      | Identified the +5 hand axe of Scorn {venom, Contam MR- Str+3 Int+11} (You found it on level 4 of the Dungeon)
  3156 | D:4      | Reached skill level 1 in Axes
  3354 | D:4      | Noticed a phantom
  3361 | D:4      | Killed a phantom
  3430 | D:4      | Reached XP level 7. HP: 24/57 MP: 1/6
  3703 | D:4      | Reached skill level 5 in Axes
  3894 | D:5      | Entered Level 5 of the Dungeon
  4242 | D:5      | Reached skill level 1 in Evocations
  4246 | D:5      | Reached XP level 8. HP: 38/64 MP: 4/8
  4928 | D:5      | Noticed Blork the orc
  5031 | D:6      | Reached skill level 9 in Axes
  5337 | D:6      | Found an ancient bone altar of Kikubaaqudgha.
  5368 | D:6      | Found a glowing silver altar of Zin.
  5691 | D:6      | Reached skill level 10 in Axes
  5691 | D:6      | Reached XP level 9. HP: 68/70 MP: 9/11
  5692 | D:6      | Received a gift from Trog
  5700 | D:6      | Found a bloodstained altar of Trog.
  6193 | D:5      | Killed Blork the orc
  6317 | D:5      | Found a staircase to the Ecumenical Temple.
  6698 | D:7      | Reached skill level 11 in Axes
  6711 | D:7      | Reached skill level 5 in Evocations
  6845 | D:7      | Reached skill level 12 in Axes
  7851 | D:8      | Reached XP level 10. HP: 69/77 MP: 13/13
  7876 | D:8      | Found a staircase to the Lair.
  7877 | D:8      | Noticed a fire drake
  7893 | D:8      | Killed a fire drake
  7907 | D:8      | Noticed Erolcha
  7914 | Lair:1   | Entered Level 1 of the Lair of Beasts
  7936 | D:8      | Killed Erolcha
  8359 | D:8      | Reached skill level 13 in Axes
  8653 | D:8      | Reached skill level 5 in Armour
  8994 | D:9      | Found a blossoming altar of Fedhas.
  9010 | D:9      | Found a staircase to the Orcish Mines.
  9056 | D:9      | Found a blossoming altar of Fedhas.
  9181 | D:9      | Received a gift from Trog
  9373 | D:9      | Found a sacrificial altar of Ru.
  9745 | D:9      | Noticed a seven-headed hydra
 10272 | Lair:1   | Reached skill level 5 in Fighting
 10663 | Lair:1   | Reached skill level 1 in Staves
 10904 | Lair:1   | Noticed Harold
 10923 | Lair:1   | Killed Harold
 11495 | D:8      | Reached XP level 11. HP: 67/89 MP: 5/15
 11605 | D:8      | HP: 4/89 [poisoned by a spiny frog]
 12016 | Lair:1   | Reached skill level 5 in Staves
 12566 | Lair:1   | Received a gift from Trog
 13564 | Lair:2   | Gained mutation: Your body is slowly deteriorating. [mutagenic glow]
 13629 | Lair:2   | Noticed Sonja
 14127 | D:9      | Found a burning altar of Makhleb.
 14255 | D:10     | Entered Level 10 of the Dungeon
 15012 | D:10     | Noticed Psyche
 15013 | D:10     | Noticed a hill giant
 15027 | D:10     | Paralysed by Psyche for 5 turns
 15036 | D:11     | Noticed a hill giant
 15040 | D:11     | Killed a hill giant
 15050 | D:11     | Killed a hill giant
 15067 | D:11     | Noticed an unseen horror
 15070 | D:11     | HP: 4/93 [unseen horror (7)]
 15083 | D:10     | Killed Psyche
 15095 | D:10     | Killed an unseen horror
 15925 | D:11     | Noticed a hill giant
 16035 | D:11     | HP: 4/94 [orc warrior/glaive (22)]
 16771 | D:11     | Received a gift from Trog
 16774 | D:11     | Got a crude battleaxe {god gift}
 16798 | D:11     | Noticed Maurice
 16811 | D:11     | Killed Maurice
 16811 | D:11     | Reached XP level 12. HP: 101/101 MP: 5/16
 16814 | D:11     | Reached skill level 10 in Staves
 16945 | D:11     | Noticed a seven-headed hydra
 16983 | D:12     | Found a flagged portal.
 16999 | Bailey   | Entered a bailey
 17171 | Bailey   | Got an ichor-stained ring mail
 17442 | Lair:2   | Killed Sonja
 17710 | Lair:2   | Noticed a four-headed hydra
 17715 | Lair:2   | Killed a four-headed hydra
 17932 | Lair:2   | Found a bloodstained altar of Trog.
 18057 | Lair:2   | Upgraded the game from 0.17-a0-483-g810ce3f to 0.17-a0-488-g0a147b9
 18067 | Lair:2   | Identified the +5 ring mail of Crawling {rElec} (You found it in a bailey)
 18138 | Lair:3   | Found a shimmering altar of Xom.
 18581 | Lair:3   | Identified the +10 battleaxe of the Wolf {vamp, rN+ Int+2} (Trog gifted it to you on level 11 of the Dungeon)
 19129 | Lair:3   | Found a staircase to the Shoals.
 19339 | Lair:3   | Reached skill level 10 in Armour
 19714 | Lair:4   | Received a gift from Trog
 19928 | Lair:4   | Reached skill level 5 in Dodging
 20662 | Lair:5   | Reached skill level 14 in Axes
 21007 | Lair:5   | Received a gift from Trog
 21937 | Lair:6   | Noticed an eight-headed hydra
 21944 | Lair:6   | Killed a 11-headed hydra
 21944 | Lair:6   | Reached XP level 13. HP: 113/113 MP: 17/17
 22328 | Lair:6   | Reached skill level 10 in Fighting
 22331 | Lair:6   | Found a staircase to the Snake Pit.
 23438 | Lair:7   | Reached skill level 15 in Axes
 24130 | Lair:7   | Received a gift from Trog
 24149 | Lair:7   | Found a blossoming altar of Fedhas.
 24491 | Lair:7   | Found a viscous altar of Jiyva.
 24491 | Lair:7   | Found a staircase to the Slime Pits.
 24978 | Lair:8   | Entered Level 8 of the Lair of Beasts
 25276 | Lair:8   | Found a basalt altar of Yredelemnul.
 25615 | Lair:8   | Reached XP level 14. HP: 112/124 MP: 18/18
 25624 | Lair:8   | Reached skill level 16 in Axes
 26199 | Lair:8   | Received a gift from Trog
 26999 | Orc:1    | Entered Level 1 of the Orcish Mines
 27268 | Orc:1    | Found a roughly hewn altar of Beogh.
 27437 | Orc:2    | Found a white marble altar of Elyvilon.
 27632 | Orc:2    | Received a gift from Trog
 28142 | Orc:3    | Found an ancient bone altar of Kikubaaqudgha.
 28641 | Orc:4    | Entered Level 4 of the Orcish Mines
 28682 | Orc:4    | Received a gift from Trog
 29021 | Orc:4    | Reached skill level 17 in Axes
 29060 | Orc:4    | Found Qubluhyb's General Store.
 29062 | Orc:4    | Received a gift from Trog
 29063 | Orc:4    | Found Inu Nour's Antique Armour Boutique.
 29082 | Orc:4    | Found Adaxupla's Weapon Shoppe.
 29082 | Orc:4    | Found Xauw Etu's Antique Weapon Boutique.
 29088 | Orc:4    | Bought a scroll of enchant armour for 75 gold pieces
 29516 | Orc:4    | Found a staircase to the Elven Halls.
 29871 | D:12     | Noticed a stone giant
 29886 | D:12     | Killed a stone giant
 30725 | D:13     | Found a basalt altar of Yredelemnul.
 30726 | D:13     | Reached XP level 15. HP: 134/134 MP: 19/19
 31471 | D:14     | Received a gift from Trog
 31629 | D:14     | Found a gate to the Vaults.
 31635 | D:14     | Reached skill level 18 in Axes
 32045 | D:14     | Reached skill level 10 in Dodging
 32526 | D:14     | Found an iron altar of Okawaru.
 32535 | D:14     | HP: 6/135 [orc warrior/glaive of chopping (1)]
 32542 | D:14     | HP: 1/135 [orc warrior/glaive of chopping (21)]
 32542 | D:14     | Slain by an orc warrior

Action                   |  1- 3 |  4- 6 |  7- 9 | 10-12 | 13-15 || total
-------------------------+-------+-------+-------+-------+-------++-------
Melee: Mace              |    66 |    76 |       |       |       ||   142
       Flail             |       |    54 |       |       |       ||    54
       Hand axe          |       |    37 |   330 |   155 |       ||   522
       Quarterstaff      |       |       |       |   550 |       ||   550
       Battleaxe         |       |       |       |   203 |  1003 ||  1206
 Fire: Blowgun           |       |       |       |    33 |       ||    33
Invok: Burn Spellbooks   |       |       |     1 |     3 |     2 ||     6
       Berserk           |       |       |       |     5 |     1 ||     6
       Trog's Hand       |       |       |       |     1 |       ||     1
Evoke: Wand              |       |       |       |     1 |     1 ||     2
  Use: Scroll            |       |       |     8 |    20 |     5 ||    33
       Potion            |       |       |       |     7 |     1 ||     8
 Stab: Invisible         |       |       |       |     1 |       ||     1
  Eat: Chunk             |       |     8 |    14 |    58 |    39 ||   119
       Beef jerky        |       |       |       |     3 |       ||     3
       Royal jelly       |       |       |       |     1 |       ||     1
